 Dungeon Crawl Stone Soup version 0.22-a0-231-g1b571ea (webtiles) character file.

1904 RoseArtemis the Cleaver (level 8, -7/109 HPs)
             Began as a Minotaur Fighter on Feb 21, 2018.
             Was a Follower of Dithmenos.
             Killed from afar by mortelune's ghost (34 damage)
             ... with a shard of ice
             ... on level 6 of the Dungeon.
             The game lasted 00:20:11 (7007 turns).

RoseArtemis the Cleaver (Minotaur Fighter)          Turns: 7007, Time: 00:20:12

Health: -7/109     AC:  9    Str: 27    XL:     8   Next: 94%
Magic:  7/7        EV:  8    Int:  5    God:    Dithmenos [*.....]
Gold:   203        SH: 11    Dex: 11    Spells: 7/7 levels left

rFire    + . .     SeeInvis +   a - +0 war axe
rCold    . . .     Gourm    .   c - +0 shield
rNeg     . . .     Faith    .   b - +0 scale mail
rPois    .         Spirit   .   (helmet restricted)
rElec    .         Reflect  .   (no cloak)
rCorr    .         Harm     .   (no gloves)
MR       .....                  t - +0 pair of boots
Stlth    ..........             n - amulet of the acrobat
HPRegen  0.28/turn              q - ring of see invisible
MPRegen  0.10/turn              k - ring of protection from fire

@: berserking, wreathed by umbra, very quick
A: retaliatory headbutt, horns 2
a: Renounce Religion


You were on level 6 of the Dungeon.
You worshipped Dithmenos.
Dithmenos was aware of your devotion.
You were not hungry.

You visited 2 branches of the dungeon, and saw 8 of its levels.

You collected 259 gold pieces.
You spent 56 gold pieces at shops.

Inventory:

Hand Weapons
 a - a +0 war axe (weapon)
 p - a +0 hand axe
 s - a +0 hand axe
Missiles
 r - 14 sling bullets
Armour
 b - a +0 scale mail (worn)
 c - a +0 shield (worn)
 i - a +0 pair of gloves
 t - a +0 pair of boots (worn)
 B - a +0 cloak
Jewellery
 k - a ring of protection from fire (right hand)
 n - an amulet of the acrobat (around neck)
 q - a ring of see invisible (left hand)
 A - an uncursed amulet of rage {unknown}
Wands
 x - a wand of iceblast (9)
 D - a wand of digging (11)
Scrolls
 e - 2 scrolls of teleportation
 h - 2 scrolls of blinking
 l - a scroll of enchant weapon {unknown}
 m - a scroll of fear {unknown}
 o - 5 scrolls of remove curse {unknown}
 y - 2 scrolls of noise {unknown}
 z - a scroll of enchant armour {unknown}
Potions
 g - a potion of lignification {unknown}
 j - a potion of curing
 u - a potion of ambrosia {unknown}
 v - a potion of brilliance
 w - a potion of invisibility {unknown}
 C - a potion of berserk rage
Comestibles
 d - 3 chunks of flesh
 f - 10 rations


   Skills:
 + Level 7.3 Fighting
 * Level 9.3 Axes
 + Level 7.4 Armour
 + Level 6.4 Shields


You had 7 spell levels left.
You didn't know any spells.

Dungeon Overview and Level Annotations

Branches:
Dungeon (7/15)             Temple (1/1) D:5

Altars:
Ashenzari
Dithmenos
Elyvilon
Fedhas
Gozag
Hepliaklqana
Kikubaaqudgha
Makhleb
Nemelex Xobeh
Okawaru
Qazlal
Ru
Trog
Vehumet
Xom
Yredelemnul
Zin
The Shining One

Shops:
D:5 *

Annotations:
D:6 mortelune's ghost, novice DsIE


Innate Abilities, Weirdness & Mutations

You reflexively headbutt those who attack you in melee.
You have a pair of horns on your head.


Message History

You barely miss mortelune's ghost.
Mortelune's ghost is heavily damaged.
You barely miss mortelune's ghost. Your headbutt misses mortelune's ghost.
Mortelune's ghost is heavily damaged.
Mortelune's ghost gestures at you while chanting.
You are frozen.
* * * LOW HITPOINT WARNING * * *
You barely miss mortelune's ghost. Your headbutt misses mortelune's ghost.
Mortelune's ghost is heavily damaged.
You block mortelune's ghost's attack.
You barely miss mortelune's ghost. You headbutt mortelune's ghost!
Mortelune's ghost is almost destroyed.
You block mortelune's ghost's attack.
You barely miss mortelune's ghost. Your headbutt misses mortelune's ghost.
Mortelune's ghost is almost destroyed.
You closely miss mortelune's ghost. Your headbutt misses mortelune's ghost.
Mortelune's ghost is almost destroyed.
Mortelune's ghost casts a spell at you. The shard of ice hits you!
You die...

##### #.# #.# #.# #
....#####.########.####.## #
..>......<...............########
................................)
....####.......#[#.####..######.#
....# #.#####.#.#..............#
....# #.# #.#.########......[#
....# #.# #.#.# #.......# ....#
#.# ..#@# #.......# ....# #.#
#..W.# ##.###... ....# #..
.......# #..##... #####
#####.#....# ##.##... # #....#
#.##... ...:.. #.###[# .......
#.###.# ......... #..##)# ##.#...


You could see mortelune's ghost.

Vanquished Creatures
  The ghost of Galewind the Thaumaturge, a novice DECj of Vehumet (D:5)
  Duvessa (D:6)
  An ice beast (D:5)
  3 ogres
  2 bullfrogs (D:6)
  Dowan (D:6)
  2 scorpions
  A howler monkey (D:5)
  2 crimson imps
  5 orc priests
  A jelly (D:6)
  A bullfrog skeleton (D:6)
  Natasha (thrice) (D:3)
  6 orc wizards
  A worker ant (D:5)
  A hound skeleton (D:5)
  10 gnolls
  5 adders
  2 shadow imps (D:5)
  2 worms
  A dart slug (D:3)
  3 leopard geckos
  23 orcs
  7 bats
  9 giant cockroaches
  9 goblins
  8 hobgoblins
  13 jackals
  5 frilled lizards
  9 kobolds
  5 rats
143 creatures vanquished.

Notes
Turn   | Place    | Note
-------+----------+-------------------------------------------
     0 | D:1      | RoseArtemis the Minotaur Fighter began the quest for the Orb.
     0 | D:1      | Reached XP level 1. HP: 19/19 MP: 0/0
   163 | D:1      | Reached XP level 2. HP: 23/27 MP: 1/1
   286 | D:1      | Reached skill level 3 in Axes
   586 | D:1      | Reached XP level 3. HP: 33/33 MP: 2/2
  1734 | D:2      | Reached XP level 4. HP: 29/40 MP: 3/3
  1810 | D:2      | Reached skill level 4 in Axes
  2130 | D:2      | Reached XP level 5. HP: 45/47 MP: 4/4
  2924 | D:3      | Found an ancient bone altar of Kikubaaqudgha.
  3077 | D:3      | Noticed Natasha
  3085 | D:3      | Killed Natasha
  3085 | D:3      | Reached skill level 5 in Axes
  3287 | D:3      | Reached skill level 5 in Armour
  3287 | D:3      | Reached XP level 6. HP: 16/55 MP: 5/5
  3686 | D:3      | Noticed Natasha
  3694 | D:3      | Killed Natasha
  3694 | D:3      | Reached skill level 5 in Fighting
  3694 | D:3      | Reached skill level 5 in Shields
  3880 | D:3      | Found a shadowy altar of Dithmenos.
  3977 | D:3      | Noticed Natasha
  3986 | D:3      | Killed Natasha
  4275 | D:4      | Reached skill level 6 in Axes
  4369 | D:4      | Reached XP level 7. HP: 60/61 MP: 6/6
  5056 | D:3      | Became a worshipper of Dithmenos the Shadowed
  5078 | D:5      | Entered Level 5 of the Dungeon
  5231 | D:5      | Reached skill level 7 in Axes
  5397 | D:5      | Found Bade Vaw's Assorted Antiques.
  5406 | D:5      | Bought a scroll of identify for 56 gold pieces
  5509 | D:5      | Reached XP level 8. HP: 45/70 MP: 7/7
  5831 | D:5      | Reached skill level 8 in Axes
  5958 | D:5      | Found a staircase to the Ecumenical Temple.
  5970 | D:5      | Noticed Galewind's ghost (novice DECj)
  5983 | D:5      | Killed Galewind's ghost
  6113 | Temple   | Entered the Ecumenical Temple
  6499 | D:6      | Noticed Dowan
  6515 | D:6      | Noticed Duvessa
  6520 | D:6      | Killed Dowan
  6537 | D:6      | Killed Duvessa
  6537 | D:6      | Reached * piety under Dithmenos
  6537 | D:6      | Reached skill level 9 in Axes
  6992 | D:6      | Noticed mortelune's ghost (novice DsIE)
  7007 | D:6      | Killed from afar by mortelune's ghost

Vault maps used:
D:1:      tarquinn_simple_flora_water_a
D:3:      nicolae_overflow_hidden_temple, lemuel_round_altar, first_ration,
          serial_bayou_pond_c, moated_statue, grunt_decor_mini_mirrors,
          chequers_big_river, uniq_natasha
D:5:      minmay_temple_entry_glassed_door, serial_shops,
          nicolae_shop_overgrown_old_shop
D:6:      uniq_duvessa
D:7:      uniq_pikel
Temple:   regret_index_temple_sphere_string

Skill      XL: |  1  2  3  4  5  6  7  8 |
---------------+-------------------------+-----
Axes           | 3 4 5 6 7 9 |  9.3
Fighting       | 4 5 6 7 |  7.3
Shields        | 4 5 6 |  6.4
Armour         | 4 5 6 7 |  7.4

Action                   |  1- 3 |  4- 6 |  7- 9 || total
-------------------------+-------+-------+-------++-------
Melee: War axe           |    99 |   166 |   172 ||   437
       Headbutt          |    19 |    26 |    32 ||    77
  Use: Scroll            |     1 |       |     8 ||     9
       Potion            |       |       |     7 ||     7
  Eat: Chunk             |     3 |     8 |     5 ||    16
       Ration            |       |       |     1 ||     1
Armor: Scale mail        |    34 |    39 |    45 ||   118
Dodge: Dodged            |    20 |    30 |    51 ||   101
Block: Shield            |    47 |    75 |    79 ||   201

Table legend:
 A = Spawn XP
 B = Non-spawn XP
 C = Spawn XP percentage of total XP
 D = Spawn monster count
 E = Non-spawn monster count
 F = Spawn count percentage of total count
 G = Total turns spent on level
                    A         B        C        D         E        F      G
               +---------+---------+-------+---------+---------+-------+---------
         Total |       0 |    2720 |   0.0 |       0 |     143 |   0.0 |  7007
               +---------+---------+-------+---------+---------+-------+---------
           D:1 |       0 |      52 |   0.0 |       0 |      28 |   0.0 |  1314
           D:2 |       0 |     147 |   0.0 |       0 |      24 |   0.0 |  1043
           D:3 |       0 |     425 |   0.0 |       0 |      35 |   0.0 |  1911
           D:4 |       0 |     406 |   0.0 |       0 |      20 |   0.0 |   810
           D:5 |       0 |    1112 |   0.0 |       0 |      19 |   0.0 |  1053
           D:6 |       0 |     578 |   0.0 |       0 |      17 |   0.0 |   493
               +---------+---------+-------+---------+---------+-------+---------
